 Dungeon Crawl Stone Soup version 0.29-a0-1023-g6ae1a4a2c7 (webtiles) character file.

Game seed: 242605032791866653

14012 Newt the Cruncher (level 11, -11/126 HPs)
             Began as a Red Draconian Artificer on Aug 11, 2022.
             Was a Priest of Hepliaklqana.
             Mangled by a skeletal warrior
             ... wielding a +0 flail
              (13 damage)
             ... on level 11 of the Dungeon.
             The game lasted 00:26:34 (12447 turns).

Newt the Cruncher (Red Draconian Artificer)        Turns: 12447, Time: 00:26:34

Health: -11/126    AC: 25    Str: 19    XL:     11   Next: 83%
Magic:  11/11      EV:  2    Int: 11    God:    Hepliaklqana [***...]
Gold:   894        SH:  0    Dex: 12    Spells: 10/10 levels left

rFire   . . .      SeeInvis .   k - +7 lajatang of Order {silver, rMut}
rCold   . . .      Faith    .   (shield currently unavailable)
rNeg    . . .      Spirit   .   (body armour unavailable)
rPois   +          Reflect  .   (helmet currently unavailable)
rElec   .          Harm     .   (cloak currently unavailable)
rCorr   .          Rampage  .   (gloves currently unavailable)
rMut    +          NoTele   +   (boots currently unavailable)
Will    +....                   (no amulet)
Stlth   +.........              g - ring of willpower
HPRegen 0.31/turn               q - ring of poison resistance
MPRegen 0.12/turn

@: tree-form (expiring), hasted, very quick
A: stationary, stasis, torment immunity, boosted hp, reduced essence, (breathe
fire), AC +7, unfitting armour, (fire resistance 1), (cold-blooded)
a: Renounce Religion, Recall Ancestor, Ancestor Identity, Transference


You were on level 11 of the Dungeon.
You worshipped Hepliaklqana.
Hepliaklqana was most pleased with you.
You were a tree.
You visited 2 branches of the dungeon, and saw 13 of its levels.

You collected 894 gold pieces.

Inventory:

Hand Weapons
 a - a +0 club
 e - a +1 whip of venom
 k - the +7 lajatang of Order (weapon) {silver, rMut}
   (You acquired it on level 2 of the Dungeon)

   It inflicts extra damage upon those it strikes, and deals substantially
   increased damage to chaotic, mutated and magically transformed beings.
   rMut:      It protects you from mutation.
 I - a +3 quarterstaff
Armour
 l - a +2 cloak (melded)
 B - a +2 pair of gloves (melded)
Jewellery
 g - a ring of willpower (left branch)
 m - a ring of willpower
 q - a ring of poison resistance (right branch)
Wands
 c - a wand of charming (22)
 z - a wand of polymorph (6)
Scrolls
 i - a scroll of silence
 j - a scroll of teleportation
 n - 2 scrolls of amnesia
 p - 4 scrolls of torment
 u - 4 scrolls of fog
 y - 2 scrolls of enchant weapon
 C - a scroll of brand weapon
 E - a scroll of identify
 G - a scroll of enchant armour
Potions
 f - 4 potions of degeneration
 h - 3 potions of curing
 o - 2 potions of cancellation
 r - 2 potions of attraction
 s - a potion of mutation
 t - 3 potions of haste
 w - a potion of lignification
 A - 2 potions of magic


   Skills:
 - Level 8.0 Fighting
 - Level 3.0(8.8) Maces & Flails
 * Level 12.8(13.0) Staves
 - Level 7.0 Dodging
 - Level 0.8 Stealth
 - Level 10.1 Evocations


You had 10 spell levels left.
You didn't know any spells.
Your spell library contained the following spells:

 Spells                   Type           Power      Damage    Failure   Level
 Apportation              Tloc           0%         N/A       34%         1
 Necrotise                Necr           0%         1d4       34%         1
 Summon Small Mammal      Summ           0%         N/A       34%         1
 Sublimation of Blood     Necr           0%         N/A       47%         2
 Gell's Gravitas          Tloc           0%         N/A       71%         3
 Ignite Poison            Fire/Tmut/Pois 0%         N/A       71%         3
 Lesser Beckoning         Tloc           0%         N/A       71%         3
 Mephitic Cloud           Conj/Pois/Air  0%         N/A       71%         3
 Teleport Other           Tloc           0%         N/A       71%         3
 Animate Dead             Necr           0%         N/A       98%         4
 Petrify                  Tmut/Erth      0%         N/A       98%         4
 Blade Hands              Tmut           0%         N/A       100%        5
 Borgnjor's Vile Clutch   Necr/Erth      0%         N/A       100%        5
 Freezing Cloud           Conj/Ice/Air   0%         6-21      100%        5
 Irradiate                Conj/Tmut      0%         3d11      100%        5
 Death Channel            Necr           0%         N/A       100%        6
 Iron Shot                Conj/Erth      0%         9d1       100%        6
 Animate Armour           Summ/Erth      Unusable   N/A       N/A         4

Dungeon Overview and Level Annotations

Branches:
Dungeon (12/15)            Temple (1/1) D:4
   Lair: D:8-11         Orc: D:9-12

Altars:
Ashenzari
Cheibriados
Dithmenos
Elyvilon
Fedhas
Gozag
Hepliaklqana
Kikubaaqudgha
Makhleb
Nemelex Xobeh
Okawaru
Qazlal
Ru
Sif Muna
Trog
Uskayaw
Vehumet
Wu Jian
Xom
Yredelemnul
Zin
The Shining One

Shops:
D:3 [   D:10 =

Annotations:
D:3 1 runed translucent door, Crazy Yiuf
D:11 Erica


Innate Abilities, Weirdness & Mutations

You are a tree.
Your roots penetrate the ground, keeping you stationary.
You cannot be teleported.
You are immune to unholy pain and torment.
Your maximum health is greatly increased.
Your equipment is partially melded.
Your life essence is reduced to manifest your ancestor. (-10% HP)
((You can breathe blasts of fire.))
((Your fiery red scales are hard. (AC +7)))
You cannot fit into any form of body armour.
((Your flesh is heat resistant. (rF+)))
((You are cold-blooded and may be slowed by cold attacks.))


Message History

Press: ? - help, Q - select action, (/) - cycle Shift-Dir - straight line, f/p - skeletal warrior
Aim: a skeletal warrior, wielding a +0 flail (not susceptible)
The skeletal warrior is unaffected.
The skeletal warrior hits you but does no damage. x2
The skeletal warrior hits you with a +0 flail!
* * * LOW HITPOINT WARNING * * *
Aiming: Polymorph
Press: ? - help, Q - select action, (/) - cycle Shift-Dir - straight line, f/p - skeletal warrior
Aim: a skeletal warrior, wielding a +0 flail (not susceptible)
The skeletal warrior is unaffected.
The skeletal warrior hits you with a +0 flail.
* * * LOW HITPOINT WARNING * * *
The skeletal warrior hits you but does no damage.
The skeletal warrior barely misses you.
Aiming: Bolt of Light
Press: ? - help, Q - select action, (/) - cycle Shift-Dir - straight line, f/p - skeletal warrior
Aim: a skeletal warrior, wielding a +0 flail (76% to hit)
The bolt of light hits the skeletal warrior!!
The skeletal warrior is moderately damaged.
The skeletal warrior is blinded.
Aiming: Bolt of Light
Press: ? - help, Q - select action, (/) - cycle Shift-Dir - straight line, f/p - skeletal warrior
Aim: a skeletal warrior, wielding a +0 flail (moderately damaged, blind, 76% to hit)
The bolt of light hits the skeletal warrior!!
The skeletal warrior is severely damaged.
The now-empty wand crumbles to dust.
Your transformation is almost over.
The skeletal warrior hits you but does no damage.
The skeletal warrior hits you with a +0 flail.
* * * LOW HITPOINT WARNING * * *
The skeletal warrior hits you with a +0 flail.
* * * LOW HITPOINT WARNING * * *
You barely miss the skeletal warrior.
The skeletal warrior is severely damaged.
The skeletal warrior hits you with a +0 flail!
* * * LOW HITPOINT WARNING * * *
The skeletal warrior hits you with a +0 flail.
* * * LOW HITPOINT WARNING * * *
The skeletal warrior hits you with a +0 flail!
You die...

#### ## ###.°##### .###
#........# ...###
##○...).z######°.
..>..## #......#♣°.°....
......####.°...zz.°...°#
....#....°.#...)........
.......##.......########
...##.....○..°..#
............°....#
..........○...°°.#
.............○....#
..............##..#


You could see 3 skeletal warriors.

Vanquished Creatures
  A hydra (D:10)
  An anaconda (D:12)
  A centaur warrior (D:11)
  A two-headed ogre (D:12)
  Nergalle (D:10)
  A manticore (D:12)
  A gargoyle (D:10)
  A komodo dragon (D:11)
  Maggie (D:7)
  3 trolls
  A slime creature (D:12)
  A shadow (D:9)
  5 yaks
  Grum (D:10)
  2 vampire mosquitoes (D:10)
  An acid dragon (D:8)
  2 water moccasins
  An ice beast (D:6)
  A black bear (D:5)
  3 orc warriors
  7 ogres
  A wolf (D:10)
  12 centaurs
  2 necrophages
  5 kobold brigands
  A gnoll sergeant (D:10)
  2 scorpions
  7 wights
  6 killer bees (D:9)
  2 howler monkeys
  A hound (D:5)
  2 jellies
  2 orc priests
  A gnoll bouda (D:8)
  Terence (D:3)
  5 iguanas
  6 orc wizards
  2 gnolls (D:10)
  9 adders
  3 shadow imps (D:8)
  3 white imps
  3 ufetubi
  2 dart slugs
  31 orcs
  8 ball pythons
  9 bats
  10 endoplasms
  4 giant cockroaches
  5 goblins
  7 hobgoblins
  7 quokkas
  7 frilled lizards
  31 kobolds
  2 rats (D:2)
236 creatures vanquished.

Vanquished Creatures (collateral kills)
  A two-headed ogre (D:8)
  Lodul (D:11)
  A manticore (D:12)
  A hornet (D:9)
  2 yaks (D:9)
  2 vampire mosquitoes (D:10)
  A water moccasin (D:7)
  3 ogres
  3 wolves (D:10)
  2 centaurs
  A necrophage (D:8)
  A bullfrog (D:8)
  A scorpion (D:6)
  A wight (D:7)
  3 killer bees (D:9)
  An iguana (D:5)
  3 gnolls (D:10)
  A shadow imp (D:6)
  A white imp (D:7)
  4 orcs
  4 kobolds (D:9)
38 creatures vanquished.

Vanquished Creatures (others)
  3 hexers
  An ancestor (D:7)
  A bush (D:11)
  4 demonic plants (D:8)
  A fungus (D:11)
  14 plants (D:11)
  5 withered plants (D:9)
29 creatures vanquished.

Grand Total: 303 creatures vanquished

Notes
Turn   | Place    | Note
-------+----------+-------------------------------------------
     0 | D:1      | Newt the Draconian Artificer began the quest for the Orb.
     0 | D:1      | Reached XP level 1. HP: 16/16 MP: 1/1
   207 | D:1      | Reached skill level 1 in Maces & Flails
   346 | D:1      | Reached XP level 2. HP: 23/23 MP: 2/2
  1330 | D:2      | Reached XP level 3. HP: 28/28 MP: 3/3
  1391 | D:2      | Found a faded altar of an unknown god.
  1447 | D:2      | Identified a scroll of acquirement
  1447 | D:2      | Acquired the +7 lajatang of Order {silver, rMut}
  1447 | D:2      | Found the +7 lajatang of Order {silver, rMut}
  1539 | D:2      | Reached skill level 1 in Staves
  1845 | D:3      | Reached XP level 4. HP: 34/35 MP: 4/4
  1852 | D:3      | Found Wica's Antique Armour Shop.
  1878 | D:3      | Reached skill level 2 in Staves
  2232 | D:3      | Found a large runed translucent door.
  2232 | D:3      | Found a large runed translucent door.
  2298 | D:3      | Found a runed translucent door.
  2299 | D:3      | Noticed Crazy Yiuf
  2319 | D:3      | Noticed Terence
  2326 | D:3      | Killed Terence
  2327 | D:3      | Reached skill level 3 in Staves
  2769 | D:3      | Noticed a scorpion
  2772 | D:3      | Killed a scorpion
  2773 | D:3      | Reached skill level 4 in Staves
  2773 | D:3      | Reached XP level 5. HP: 40/40 MP: 5/5
  3050 | D:3      | Found a radiant altar of Vehumet.
  3055 | D:3      | Found an opulent altar of Gozag.
  3343 | D:4      | Reached skill level 5 in Staves
  3343 | D:4      | Reached XP level 6. HP: 41/47 MP: 6/6
  3494 | D:4      | Found a staircase to the Ecumenical Temple.
  3513 | Temple   | Entered the Ecumenical Temple
  3851 | Temple   | Became a worshipper of Hepliaklqana the Forgotten
  3872 | D:4      | Found an ornate altar of the Wu Jian Council.
  4304 | D:5      | Entered Level 5 of the Dungeon
  4304 | D:5      | Found a basalt altar of Yredelemnul.
  4823 | D:5      | Reached * piety under Hepliaklqana
  4890 | D:5      | Your scales start taking on a fiery red colour.
  4890 | D:5      | Reached XP level 7. HP: 46/51 MP: 7/7
  4890 | D:5      | Gained mutation: Your flesh is heat resistant. (rF+) [Red
                  | Draconian growth]
  5007 | D:5      | Found a white marble altar of Elyvilon.
  5018 | D:5      | Found a broken altar of Ashenzari.
  5781 | D:6      | Reached skill level 5 in Fighting
  5914 | D:6      | Reached skill level 5 in Dodging
  5914 | D:6      | Reached XP level 8. HP: 28/62 MP: 8/8
  6893 | D:7      | Noticed Maggie
  6914 | D:7      | Killed Maggie
  7177 | D:7      | Reached ** piety under Hepliaklqana
  7178 | D:7      | Remembered your ancestor Belshunu as a hexer
  7315 | D:7      | Reached XP level 9. HP: 72/72 MP: 9/9
  7839 | D:7      | Found a hide-covered altar of Uskayaw.
  8370 | D:8      | Reached skill level 5 in Evocations
  8501 | D:8      | Found a shimmering altar of Xom.
  8660 | D:8      | Noticed a two-headed ogre
  8665 | D:8      | Killed a two-headed ogre
  8955 | D:9      | Reached XP level 10. HP: 79/79 MP: 10/10
  9325 | D:9      | Found a burning altar of Makhleb.
  9465 | D:9      | Reached *** piety under Hepliaklqana
  9467 | D:9      | Found an ancient bone altar of Kikubaaqudgha.
  9538 | D:9      | Reached skill level 10 in Evocations
  9973 | D:9      | Reached skill level 6 in Staves
 10245 | D:10     | Entered Level 10 of the Dungeon
 10245 | D:10     | Noticed a seven-headed hydra
 10252 | D:10     | Killed a ten-headed hydra
 10253 | D:10     | Reached skill level 7 in Staves
 10253 | D:10     | Noticed a gargoyle
 10263 | D:10     | Killed a gargoyle
 10270 | D:10     | Reached skill level 8 in Staves
 10771 | D:10     | Found Wijox's Jewellery Shop.
 11006 | D:10     | Noticed Nergalle
 11016 | D:10     | Killed Nergalle
 11017 | D:10     | Reached skill level 9 in Staves
 11017 | D:10     | Reached XP level 11. HP: 62/84 MP: 11/11
 11145 | D:10     | Noticed Grum
 11155 | D:10     | Killed Grum
 11777 | D:11     | Noticed a centaur warrior
 11778 | D:11     | Noticed Lodul
 11788 | D:11     | Reached skill level 10 in Staves
 11789 | D:11     | Killed a centaur warrior
 11799 | D:11     | Killed Lodul
 11800 | D:11     | Reached skill level 11 in Staves
 12117 | D:11     | Noticed a skeletal warrior
 12118 | D:11     | Noticed a skeletal warrior
 12332 | D:12     | Noticed a two-headed ogre
 12336 | D:12     | Killed a two-headed ogre
 12352 | D:12     | Noticed an anaconda
 12352 | D:12     | a slime creature changed into an anaconda
 12352 | D:12     | Noticed an anaconda
 12352 | D:12     | a slime creature changed into an anaconda
 12365 | D:12     | Reached skill level 12 in Staves
 12390 | D:12     | Killed an anaconda
 12402 | D:11     | Noticed Erica
 12427 | D:11     | Noticed a skeletal warrior
 12427 | D:11     | Noticed a skeletal warrior
 12447 | D:11     | HP: 4/126 [skeletal warrior/+0 flail (7)]
 12447 | D:11     | Mangled by a skeletal warrior

Illustrated notes

Levels and vault maps discovered:
D:1:      lemuel_arrival_hallway, layout_basic
D:2:      layout_rooms, shapermc_ecumenical_altar_venn, minmay_quadrilaterals
D:3:      layout_basic, jmf_multi_god_temple2, serial_shops, shop,
          grunt_decor_clamped, minmay_increasing_density, uniq_terence,
          uniq_crazy_yiuf_cottage
D:4:      minmay_diamond_boxcup, layout_gridville, nzn_wu_jian_contemplation,
          minmay_temple_entry_ruins
D:5:      layout_basic, amcnicky_altar_gilded, amethyst_overflow_temple_binary
D:6:      layout_layer_cave
D:7:      layout_cave_pods, nicolae_uskayaw_suspiria, uniq_maggie
D:8:      layout_loops_ring, lemuel_tele_altar, serial_demonic,
          serial_demonic_g, serial_demonic_a, serial_demonic_e,
          serial_demonic_b, st_stairs_10
D:9:      layout_gridville, mainiacjoe_overflow_surrounded_room,
          kiku_gazebo_garden_becter
D:10:     layout_basic, serial_shops, nicolae_shop_waterfront, uniq_nergalle,
          uniq_grum
D:11:     layout_cave_pods, minmay_lair_entry_grove,
          kennysheep_orc_monster_closet_entryway, portal_ice_cave_rime,
          uniq_lodul, uniq_erica
D:12:     kennysheep_big_flooded_room, layout_basic, minmay_bent
Temple:   hc_temple_tempest_star

Skill      XL: |  1  2  3  4  5  6  7  8  9 10 11 |
---------------+----------------------------------+-----
Maces & Flails | 1 2 3 |  3.0
Staves         | 1 4 5 9 12 | 12.8
Fighting       | 3 5 7 8 |  8.0
Dodging        | 3 5 6 7 |  7.0
Evocations     | 8 10 | 10.1
Stealth        | |  0.8

Action                   |  1- 3 |  4- 6 |  7- 9 | 10-12 || total
-------------------------+-------+-------+-------+-------++-------
Melee: Club              |    34 |       |       |       ||    34
       Tailslap          |    17 |     4 |    19 |    21 ||    61
       Punch             |     3 |       |       |       ||     3
       Whip              |    79 |       |       |       ||    79
       Lajatang          |    30 |    86 |   166 |   184 ||   466
Invok: Ancestor Life: He |       |       |     1 |       ||     1
 Abil: Breathe Fire      |       |       |     3 |     2 ||     5
Evoke: Wand              |       |     9 |     9 |    22 ||    40
  Use: Scroll            |     5 |    10 |     7 |    15 ||    37
       Potion            |       |       |       |    12 ||    12
 Stab: Sleeping          |     2 |     1 |     2 |     1 ||     6
       Distracted        |       |       |     1 |       ||     1
       Invisible         |       |       |     1 |       ||     1
       Confused          |       |       |       |     4 ||     4
Armor: Skin              |    58 |    32 |    54 |   126 ||   270
Dodge: Dodged            |   130 |    61 |    96 |   186 ||   473

Table legend: (Time is in decaauts)
 A = Elapsed time spent in this place.
 B = Non-inter-level travel time spent in this place.
 C = Inter-level travel time spent in this place.
 D = Time resting spent in this place.
 E = Time spent auto-exploring this place.
 F = Levels seen in this place.
 G = Mean time per level.
                   A        B        C        D        E       F      G
               +--------+--------+--------+--------+--------+-----+--------+
         Total |  12490 |  12086 |    404 |   2241 |   8165 |  13 |  960.8 |
       Dungeon |  12137 |  11745 |    392 |   2241 |   7912 |  12 | 1011.4 |
        Temple |    353 |    341 |     12 |      0 |    253 |   1 |  353.0 |
               +--------+--------+--------+--------+--------+-----+--------+

Top non-repeatable levels by time:
    D:10: 1514 daAuts
     D:3: 1420 daAuts
     D:9: 1325 daAuts
     D:6: 1248 daAuts
     D:4: 1108 daAuts
     D:8: 1066 daAuts
     D:1: 1063 daAuts
     D:5: 994 daAuts
     D:7: 987 daAuts
     D:2: 738 daAuts
    D:11: 409 daAuts
  Temple: 353 daAuts
    D:12: 259 daAuts
